 Dungeon Crawl Stone Soup version 0.20.0-15-g7f486f2 (webtiles) character file.

1424 renl the Covert (level 8, -3/44 HPs)
             Began as a Felid Transmuter on July 7, 2017.
             Was a Follower of Sif Muna.
             Slain by a hippogriff (7 damage)
             ... on level 7 of the Dungeon.
             The game lasted 00:52:19 (8803 turns).

renl the Covert (Felid Transmuter)                  Turns: 8803, Time: 00:52:22

Health: -3/44      AC:  5    Str:  6    XL:     8   Next: 44%
Magic:  8/12       EV: 13    Int: 17    God:    Sif Muna [*.....]
Gold:   638        SH:  0    Dex: 17    Spells: 0/11 levels left
                                        Lives:  0   Deaths: 2

rFire    x . .     SeeInvis +     - Unarmed
rCold    + + +     Gourm    .   (shield unavailable)
rNeg     . . .     Faith    .   (armour unavailable)
rPois    +         Spirit   .   (helmet unavailable)
rElec    .         Reflect  .   (cloak unavailable)
rCorr    .         Harm     .   (gloves unavailable)
MR       +....                  (boots unavailable)
Stlth    ++++......             (no amulet)
Regen    0.2/turn               e - +3 ring of slaying
MPRegen  0.2/turn               u - ring of wizardry

@: ice-form
A: no armour, no weapons or thrown items, stealth, see invisible, carnivore 3,
slow metabolism 1
a: End Transformation, Divine Energy, Renounce Religion


You were on level 7 of the Dungeon.
You worshipped Sif Muna.
Sif Muna was aware of your devotion.
You were full.
You were a creature of crystalline ice.
You visited 2 branches of the dungeon, and saw 8 of its levels.
You also visited: Ossuary.

You collected 638 gold pieces.

Inventory:

Missiles
 a - 139 arrows
Jewellery
 e - a +3 ring of slaying (left front paw)
 l - an uncursed ring of magical power
 u - a ring of wizardry (right front paw)
Wands
 g - a wand of flame (33/48)
 o - a wand of iceblast (7/15)
Scrolls
 j - 2 scrolls of remove curse
 k - 3 scrolls of teleportation
 n - 2 scrolls of recharging {unknown}
 s - a scroll of fear {unknown}
 w - a scroll of immolation {unknown}
 x - a scroll of fog
 y - a scroll of random uselessness {unknown}
Potions
 d - a potion of haste {unknown}
 f - 2 potions of flight
 h - a potion of degeneration {unknown}
 i - 2 potions of brilliance {unknown}
 p - a potion of agility
 q - 5 potions of curing
 r - a potion of invisibility {unknown}
 z - 3 potions of ambrosia {unknown}
 A - a potion of resistance {unknown}
Books
 b - a book of Changes

   Spells                             Type                      Level
   a - Beastly Appendage              Transmutation                1
   b - Sticks to Snakes               Transmutation                2
   c - Spider Form                    Transmutation/Poison         3
   d - Ice Form                       Ice/Transmutation            4
   e - Blade Hands                    Transmutation                5
 m - a book of Cantrips

   Spells                             Type                      Level
   a - Confusing Touch                Hexes                        1
   b - Animate Skeleton               Necromancy                   1
   c - Summon Small Mammal            Summoning                    1
   d - Apportation                    Translocation                1
Comestibles
 c - 6 meat rations
 v - 5 royal jellies


   Skills:
 * Level 5.3 Fighting
 + Level 5.4 Dodging
 + Level 8.4 Stealth
 + Level 7.9 Unarmed Combat
 - Level 2.0 Spellcasting
 + Level 5.3 Hexes
 * Level 7.4 Transmutations


You couldn't memorise any spells.
You knew the following spells:

 Your Spells              Type           Power        Failure   Level  Hunger
a - Beastly Appendage     Tmut           ####..       1%          1    #......
b - Sticks to Snakes      Tmut           ####....     1%          2    ###....
c - Spider Form           Tmut/Pois      ##........   4%          3    ###....
d - Confusing Touch       Hex            ###...       1%          1    #......
e - Ice Form              Ice/Tmut       ##......     16%         4    #####..


Dungeon Overview and Level Annotations

Branches:
Dungeon (7/15)             Temple (1/1) D:5

Altars:
Ashenzari
Cheibriados
Dithmenos
Elyvilon
Fedhas
Gozag
Hepliaklqana
Kikubaaqudgha
Makhleb
Nemelex Xobeh
Okawaru
Qazlal
Ru
Sif Muna
Trog
Uskayaw
Vehumet
Xom
Yredelemnul
Zin
The Shining One


Innate Abilities, Weirdness & Mutations

You cannot wear armour.
You are incapable of wielding weapons or throwing items.
Your paws allow you to move quietly. (Stealth)
((You have sharp claws.))
((You have razor-sharp teeth.))
You have supernaturally acute eyesight. (SInv)
You are carnivorous and can eat meat at any time.
((You cover ground quickly.))
((You are covered in thick fur. (AC +2)))
You have a slow metabolism.
((Your sharp claws are effective at attacking unaware monsters.))


Message History

Confirm with . or Enter, or press ? or * to list all spells.
Your front paws begin to glow red.
You hit the hippogriff but do no damage.
The hippogriff bites you. The hippogriff pecks you!
* * * LOW HITPOINT WARNING * * *
The hippogriff claws you but does no damage.
You hit the hippogriff but do no damage.
The hippogriff barely misses you. The hippogriff completely misses you.
The hippogriff closely misses you.
You hit the hippogriff but do no damage.
The hippogriff appears confused.
The hippogriff closely misses you. The hippogriff barely misses you.
The hippogriff claws you but does no damage.
You pounce on the helpless hippogriff from behind!
You hit the hippogriff. You freeze the hippogriff.
The hippogriff is lightly wounded.
The hippogriff bites you!
* * * LOW HITPOINT WARNING * * *
The hippogriff pecks you!
You die...

#.# #.#....)..
#####.#### ##.#.......
#........# #..#?......
#........#####.##.......
#.........)....##.......
#..............##.......
#.........####.........#
#......H..# #.........%
#######Y..# ##....###.##
#.#####...#####.## #.#
##...###....## #.#
#............. ##.#
#..#####.####. #..#
#####....###..
##.#####....####...#
#..##....#### ##.###
####.###.#### #..#


You could see a hippogriff (confused).

Vanquished Creatures
  Joseph (D:7)
  A yak (D:7)
  3 hogs (D:7)
  A human (D:7)
  Menkaure (D:7)
  2 orc warriors (D:6)
  An ice beast (D:5)
  A necrophage (D:6)
  2 ogres (D:4)
  4 centaurs
  3 scorpions
  4 wights (D:6)
  2 howler monkeys
  A crimson imp (D:5)
  A jelly (D:3)
  Crazy Yiuf (D:5)
  5 orc priests
  2 hounds
  3 iguanas
  5 orc wizards
  5 worker ants
  A big kobold zombie (Ossuary)
  The ghost of ToNi123 the Magician, a weakling DEWz (D:3)
  2 hound skeletons (D:7)
  8 mummies (Ossuary)
  A worker ant zombie (D:5)
  Robin (D:2)
  7 adders
  A shadow imp (D:7)
  An ooze (D:4)
  3 worms
  2 dart slugs (D:1)
  7 leopard geckos
  33 orcs
  5 bats
  4 giant cockroaches
  10 hobgoblins
  3 jackals (D:2)
  11 kobolds
  A quokka (D:2)
  4 frilled lizards
  A gnoll zombie (Ossuary)
  19 goblins
  A hobgoblin zombie (Ossuary)
  3 kobold zombies (Ossuary)
  2 orc zombies (Ossuary)
  A quokka skeleton (D:4)
  13 rats
195 creatures vanquished.

Notes
Turn   | Place    | Note
-------+----------+-------------------------------------------
     0 | D:1      | renl the Felid Transmuter began the quest for the Orb.
     0 | D:1      | Reached XP level 1. HP: 9/9 MP: 4/4
   159 | D:1      | Reached XP level 2. HP: 4/12 MP: 4/6
   171 | D:1      | Learned a level 2 spell: Sticks to Snakes
   844 | D:1      | Reached XP level 3. HP: 15/15 MP: 7/7
   849 | D:1      | Learned a level 3 spell: Spider Form
  1254 | D:2      | Noticed Robin
  1271 | D:2      | Killed Robin
  1271 | D:2      | Reached skill level 1 in Stealth
  1563 | D:2      | Reached XP level 4. HP: 19/19 MP: 6/8
  1681 | D:2      | Reached skill level 2 in Stealth
  2214 | D:2      | Found a bloodstained altar of Trog.
  2858 | D:3      | Reached XP level 5. HP: 17/22 MP: 7/9
  2945 | D:3      | Learned a level 1 spell: Confusing Touch
  3067 | D:3      | Noticed ToNi123's ghost (weakling DEWz)
  3108 | D:3      | Killed ToNi123's ghost
  3155 | D:3      | Reached skill level 3 in Stealth
  3466 | D:3      | Gained mutation: You are covered in thick fur. (AC +2) [Felid growth]
  3466 | D:3      | Reached XP level 6. HP: 19/26 MP: 10/10
  4026 | D:3      | HP: 1/26 [poisoned by an adder]
  4331 | D:4      | Found a sand-covered staircase.
  4336 | Ossuary  | Entered an ossuary
  4809 | Ossuary  | Reached skill level 4 in Stealth
  5002 | D:4      | Reached skill level 1 in Hexes
  5023 | D:4      | Reached XP level 7. HP: 25/30 MP: 11/11
  5105 | D:4      | Reached skill level 5 in Unarmed Combat
  5253 | D:4      | Reached skill level 5 in Stealth
  5253 | D:4      | Reached skill level 5 in Transmutations
  5654 | D:5      | Entered Level 5 of the Dungeon
  5780 | D:5      | Found a staircase to the Ecumenical Temple.
  5788 | Temple   | Entered the Ecumenical Temple
  5822 | Temple   | Became a worshipper of Sif Muna the Loreminder
  6077 | D:5      | Reached XP level 8. HP: 35/35 MP: 12/12
  6115 | D:5      | Found a runed door.
  6121 | D:5      | Noticed Crazy Yiuf
  6127 | D:5      | Killed Crazy Yiuf
  6419 | D:5      | Reached skill level 6 in Stealth
  6820 | D:5      | HP: 1/36 [wyvern (12)]
  6821 | D:5      | Mangled by a wyvern
  6822 | D:5      | Reached XP level 7. HP: -7/31 MP: 13/20
  7343 | D:6      | Reached XP level 8. HP: 29/36 MP: 12/12
  7358 | D:6      | Reached skill level 7 in Stealth
  7830 | D:7      | Noticed Menkaure
  7911 | D:7      | Reached * piety under Sif Muna
  7945 | D:7      | Reached skill level 5 in Dodging
  7990 | D:7      | Reached XP level 9. HP: 32/39 MP: 2/13
  8023 | D:7      | Learned a level 4 spell: Ice Form
  8311 | D:7      | Noticed Joseph
  8315 | D:7      | Reached skill level 5 in Fighting
  8325 | D:7      | HP: 2/40 [Joseph/sling bullet (17)]
  8346 | D:7      | Killed Joseph
  8346 | D:7      | Reached skill level 8 in Stealth
  8346 | D:7      | Reached skill level 5 in Hexes
  8674 | D:7      | Slain by a hippogriff
  8675 | D:7      | Reached XP level 8. HP: 0/44 MP: 4/12
  8797 | D:7      | Killed Menkaure
  8803 | D:7      | Slain by a hippogriff

Skill      XL: |  1  2  3  4  5  6  7  8  9 |
---------------+----------------------------+-----
Dodging        | 3 4 5 |  5.4
Stealth        | 1 2 3 4 5 7 8 |  8.4
Transmutations | 3 4 6 7 |  7.4
Unarmed Combat | 4 5 7 |  7.9
Fighting       | 2 4 5 |  5.3
Hexes          | 1 3 4 5 |  5.3
Spellcasting   | |  2.0

Action                   |  1- 3 |  4- 6 |  7- 9 || total
-------------------------+-------+-------+-------++-------
Melee: Unarmed           |   103 |   213 |   314 ||   630
       Bite              |     8 |    10 |     2 ||    20
       Headbutt          |     3 |     1 |       ||     4
       Punch             |     1 |       |     1 ||     2
 Cast: Beastly Appendage |    11 |     9 |       ||    20
       Spider Form       |     2 |    26 |    48 ||    76
       Confusing Touch   |       |    20 |    46 ||    66
       Sticks to Snakes  |       |     1 |     3 ||     4
       Ice Form          |       |       |     2 ||     2
  Use: Scroll            |       |     9 |     1 ||    10
       Potion            |       |     1 |     2 ||     3
 Stab: Sleeping          |     5 |     6 |     6 ||    17
       Distracted        |       |     2 |       ||     2
       Confused          |       |    12 |    36 ||    48
  Eat: Chunk             |     9 |    11 |    24 ||    44
Armor: Skin              |     9 |     5 |     7 ||    21
Dodge: Dodged            |    79 |   162 |   179 ||   420
